 Dungeon Crawl Stone Soup version 0.27-a0-1299-g1ab19c6527 (webtiles) character file.

Game seed: 18328252323761337593

7014 quinnr the Destroyer (level 11, -9/62 HPs)
             Began as a Tengu Air Elementalist on June 16, 2021.
             Was a Follower of Vehumet.
             Mangled by a meliai (11 damage)
             ... on level 9 of the Dungeon.
             The game lasted 00:46:47 (13989 turns).

quinnr the Destroyer (Tengu Air Elementalist)      Turns: 13989, Time: 00:46:47

Health: -9/62      AC:  8    Str: 11    XL:     11   Next: 8%
Magic:  14/22      EV:  8    Int: 29    God:    Vehumet [*.....]
Gold:   392        SH:  0    Dex: 14    Spells: 5/24 levels left

rFire    . . .     SeeInvis .   q - +2 dagger (venom)
rCold    . . .     Faith    +   (no shield)
rNeg     . . .     Spirit   .   o - +2 robe {Will+}
rPois    +         Reflect  .   (helmet restricted)
rElec    .         Harm     .   K - +1 cloak of Ferhimm {Str+2 Int+4}
rCorr    .         Rampage  .   L - +1 pair of gloves
Will     +....                  (boots unavailable)
Stlth    ++........             e - amulet of faith
HPRegen  0.20/turn              C - +6 ring of intelligence
MPRegen  0.18/turn              x - ring of poison resistance

@: mighty, brilliant, flying quickly and evasively, held, quick
A: beak, talons 3, nimble flight
a: Renounce Religion


You were on level 9 of the Dungeon.
You worshipped Vehumet.
Vehumet was aware of your devotion.
You visited 2 branches of the dungeon, and saw 10 of its levels.

You collected 392 gold pieces.

Inventory:

Hand Weapons
 h - a +2 short sword of speed
 q - a +2 dagger of venom (weapon)
 s - a +0 whip of freezing
Missiles
 j - 5 throwing nets
 y - 20 boomerangs
Armour
 a - a +0 robe
 b - a scarf of harm
 f - a +2 pair of gloves
 i - the +8 orange crystal plate armour {Archmagi, Int+3 Clar}
   (You found it on level 4 of the Dungeon)

   It affects your intelligence (+3).
   It protects you against confusion.
 o - a +2 robe of willpower (worn)
 B - a +2 robe of willpower
 E - a +2 cloak
 K - the +1 cloak of Ferhimm (worn) {Str+2 Int+4}
   (You found it on level 7 of the Dungeon)

   It affects your strength (+2).
   It affects your intelligence (+4).
 L - a +1 pair of gloves (worn)
 M - the +7 Kryia's mail coat {PotionHeal*2 rC+}
   (You found it on level 8 of the Dungeon)

   It protects you from cold.
Jewellery
 c - a +4 ring of evasion
 d - a ring of wizardry
 e - an amulet of faith (around neck)
 g - a ring of ice
 k - a ring of ice
 p - a +4 ring of evasion
 v - a ring of see invisible
 x - a ring of poison resistance (right hand)
 C - a +6 ring of intelligence (left hand)
Wands
 n - a wand of acid (2)
 D - a wand of polymorph (1)
 J - a wand of paralysis (6)
Scrolls
 r - a scroll of silence {unknown}
 t - a scroll of torment {unknown}
 z - a scroll of blinking {unknown}
 G - a scroll of enchant weapon {unknown}
 H - a scroll of magic mapping
 I - a scroll of amnesia {unknown}
Potions
 l - a potion of might
 u - 2 potions of attraction
 w - a potion of ambrosia {unknown}
 A - 2 potions of cancellation


   Skills:
 + Level 4.9 Fighting
 - Level 4.0 Short Blades
 - Level 3.0 Dodging
 - Level 3.0 Stealth
 + Level 7.0 Spellcasting
 + Level 12.7 Conjurations
 + Level 11.8 Air Magic


You had 5 spell levels left.
You knew the following spells:

 Your Spells              Type           Power      Damage    Failure   Level
a - Shock                 Conj/Air       100%       1d9       1%          1
b - Static Discharge      Conj/Air       89%        N/A       1%          2
c - Lightning Bolt        Conj/Air       44%        1d64      1%          5
d - Swiftness             Air            87%        N/A       1%          3
e - Summon Lightning Spi  Summ/Air       61%        N/A       4%          4
f - Airstrike             Air            43%        N/A       1%          4

Your spell library contained the following spells:

 Spells                   Type           Power      Damage    Failure   Level
 Magic Dart               Conj           100%       1d8       1%          1
 Summon Small Mammal      Summ           60%        N/A       4%          1
 Call Imp                 Summ           15%        N/A       8%          2
 Call Canine Familiar     Summ           15%        N/A       16%         3
 Confusing Touch          Hex            15%        N/A       16%         3
 Gell's Gravitas          Tloc           7%         N/A       16%         3
 Summon Guardian Golem    Hex/Summ       15%        N/A       16%         3
 Petrify                  Tmut/Erth      15%        N/A       45%         4
 Summon Ice Beast         Ice/Summ       15%        N/A       45%         4
 Metabolic Englaciation   Hex/Ice        7%         N/A       80%         5
 Yara's Violent Unravell  Hex/Tmut       7%         3d5       80%         5


Dungeon Overview and Level Annotations

Branches:
Dungeon (9/15)             Temple (1/1) D:7            Lair (0/6) D:9
    Orc: D:9-12

Altars:
Ashenzari
Cheibriados
Dithmenos
Elyvilon
Fedhas
Gozag
Hepliaklqana
Kikubaaqudgha
Makhleb
Nemelex Xobeh
Okawaru
Qazlal
Ru
Sif Muna
Trog
Uskayaw
Vehumet
Wu Jian
Xom
Yredelemnul
Zin
The Shining One

Shops:
D:5 *

Annotations:
D:9 1 transporter


Innate Abilities, Weirdness & Mutations

You have a beak for a mouth.
You have claws for feet.
Your magical nature lets you fly swiftly and evasively.


Message History

The lightning grounds out.
The killer bee is struck by an arc of lightning!
You kill the killer bee!
Vehumet accepts your kill.
The killer bee is struck by an arc of lightning!
The killer bee is heavily wounded.
The killer bee is struck by an arc of lightning!
The killer bee is severely wounded.
The killer bee is struck by an arc of lightning.
The killer bee is almost dead.
The lightning grounds out.
You are covered in liquid flames!
* * * LOW HITPOINT WARNING * * *
The killer bee closely misses you.
The meliai throws a throwing net.
The throwing net hits you.
You become entangled in the net!
Your Spellcasting skill increases to level 7!
You have reached level 11!
Unknown command.
You feel much better.
You are covered in liquid flames!
The killer bee closely misses you. The killer bee stings you.
The meliai hits you with a +0 war axe! The meliai stings you.
Unknown command.
Unknown command.
Casting: Static Discharge (safe; 1% risk of failure)
Confirm with . or Enter, or press ? or * to list all spells.
You feel a surge of power!
The meliai is struck by an arc of lightning!
The meliai is heavily wounded.
You are struck by an arc of lightning.
The killer bee is struck by an arc of lightning.
You kill the killer bee!
Vehumet accepts your kill.
You are covered in liquid flames!
* * * LOW HITPOINT WARNING * * *
The meliai invokes the aid of its god against you.
Something smites you!
* * * LOW HITPOINT WARNING * * *
The killer bee closely misses you. The meliai hits you with a +0 war axe!
You die...

#........# #..........#
###'###### #.^.....>..#
#...# #..........# #.###
######.##### #.#
######.#####
##'###########..........#
#...............©.......##
#.........#############..##
#..<.....### #!.@†8#####..#
#.......###.#.#y.y#...###.#
'.......##y.#..###..#..##.#
#.......###...#
..#...###.##
###'##...#####.
#..#####...# #.###.###...#
.#...###..#
#..##.##y.#..###..#.W##..#
##.##.###y#.#yy.#.#.###..#
#.....#####yyyy[#####...#


You could see a meliai, a killer bee (ally target) and a friendly lightning
spire (summoned).

Vanquished Creatures
  Harold (D:7)
  The ghost of RepHenryClay the Thaumaturge, a novice DjFE of Makhleb (D:9)
  Pikel (D:4)
  A troll (D:9)
  Prince Ribbit (D:7)
  2 wyverns (D:9)
  Eustachio (D:4)
  4 yaks (D:9)
  3 wargs (D:9)
  An acid dragon (D:8)
  Duvessa (D:4)
  A water moccasin (D:6)
  A sky beast (D:8)
  A black bear (D:4)
  A black bear (shapeshifter) (D:9)
  2 necrophages
  3 orc warriors
  An ice beast (D:8)
  3 ogres
  A phantom (D:4)
  A lemure (D:4)
  A scorpion (D:7)
  2 bullfrogs
  Dowan (D:4)
  A jelly (D:7)
  11 killer bees (D:9)
  4 wights (D:8)
  4 howler monkeys
  2 centaur zombies
  4 hounds
  6 orc priests
  3 gnoll shamans
  3 bullfrog skeletons
  2 centaur skeletons
  8 orc wizards
  A hound skeleton (D:4)
  A howler monkey zombie (D:6)
  12 gnolls
  2 adders
  2 white imps (D:6)
  A worm (D:2)
  2 dart slugs
  29 orcs
  8 bats
  5 endoplasms
  2 giant cockroaches
  3 goblins
  4 hobgoblins
  3 jackals (D:3)
  8 kobolds
  3 quokkas
  7 ball pythons
  3 frilled lizards (D:2)
  3 rats (D:1)
183 creatures vanquished.

Vanquished Creatures (collateral kills)
  A killer bee (D:9)
1 creature vanquished.

Vanquished Creatures (others)
  5 bushes (D:8)
  A plant (D:9)
6 creatures vanquished.

Grand Total: 190 creatures vanquished

Notes
Turn   | Place    | Note
-------+----------+-------------------------------------------
     0 | D:1      | quinnr the Tengu Air Elementalist began the quest for the
                  | Orb.
     0 | D:1      | Reached XP level 1. HP: 10/10 MP: 4/4
   220 | D:1      | Upgraded the game from 0.27-a0-1291-geefcff550b to
                  | 0.27-a0-1299-g1ab19c6527
   229 | D:1      | Reached skill level 2 in Conjurations
   348 | D:1      | Reached XP level 2. HP: 15/15 MP: 3/6
   412 | D:1      | Found a faded altar of an unknown god.
   417 | D:1      | Reached skill level 3 in Conjurations
  1330 | D:2      | Reached XP level 3. HP: 12/19 MP: 0/7
  1523 | D:2      | Reached skill level 4 in Conjurations
  2161 | D:3      | Found a shimmering altar of Xom.
  2255 | D:3      | Found a snail-covered altar of Cheibriados.
  2708 | D:3      | Reached skill level 5 in Conjurations
  2708 | D:3      | Reached XP level 4. HP: 18/24 MP: 4/8
  3054 | D:4      | Identified a scroll of acquirement
  3054 | D:4      | Acquired a ring of wizardry
  3136 | D:4      | Found the +8 orange crystal plate armour {Archmagi, Int+3
                  | Clar}
  3141 | D:4      | quinnr: ??crystal plate armour
  3141 | D:4      | beem: crystal plate armour[1/2]: 14AC, 23ER.
  3141 | D:4      | quinnr: ??crystal plate armour[2
  3141 | D:4      | beem: crystal plate armour[2/2]: The probability that a
                  | randart CPA is +23 (the max possible) is exactly
                  | 101/112500.
  3141 | D:4      | quinnr: ??archmagi
  3141 | D:4      | beem: archmagi[1/1]: Acts as one {enhancer} for all spells.
  3141 | D:4      | quinnr: ??Clar
  3141 | D:4      | beem: clarity[1/1]: Prevents confusion, unintentional
                  | berserking, sleep, and mesmerization (but not fear). Gods
                  | can and will ignore it and confuse you anyway. Xom
                  | confusion will respect clarity so long as Xom is not
                  | feeling nasty. The amulet of clarity was removed in 0.18.
  3182 | D:4      | Reached skill level 6 in Conjurations
  3266 | D:4      | Noticed Dowan
  3266 | D:4      | Noticed Duvessa
  3460 | D:3      | Learned a level 2 spell: Static Discharge
  3560 | D:4      | Gained mutation: Your magical nature lets you fly swiftly
                  | and evasively. [Tengu growth]
  3560 | D:4      | Reached XP level 5. HP: 28/28 MP: 7/9
  3698 | D:3      | Learned a level 5 spell: Lightning Bolt
  3784 | D:4      | Noticed a phantom
  3824 | D:4      | Killed a phantom
  4091 | D:4      | Reached skill level 7 in Conjurations
  4091 | D:4      | Reached XP level 6. HP: 24/32 MP: 4/11
  4333 | D:4      | Noticed Eustachio
  4640 | D:4      | Noticed a black bear
  4646 | D:4      | Killed a black bear
  4778 | D:4      | Reached skill level 5 in Air Magic
  4786 | D:4      | Reached XP level 7. HP: 36/36 MP: 2/12
  4997 | D:4      | Killed Eustachio
  5117 | D:4      | Noticed Pikel
  5129 | D:4      | Learned a level 3 spell: Swiftness
  5414 | D:4      | Killed Duvessa
  5415 | D:4      | Reached skill level 8 in Conjurations
  5421 | D:4      | Killed Dowan
  5673 | D:4      | Killed Pikel
  5674 | D:4      | Reached skill level 9 in Conjurations
  5674 | D:4      | Reached XP level 8. HP: 21/41 MP: 0/13
  6100 | D:5      | Entered Level 5 of the Dungeon
  6250 | D:5      | Found Zoiqeg's Elemental Accessories.
  6527 | D:5      | Reached skill level 10 in Conjurations
  7024 | D:6      | Reached XP level 9. HP: 45/45 MP: 5/14
  7270 | D:6      | Reached skill level 11 in Conjurations
  7451 | D:6      | Found a broken altar of Ashenzari.
  7451 | D:6      | Found a sparkling altar of Nemelex Xobeh.
  7487 | D:6      | Reached skill level 1 in Short Blades
  7487 | D:6      | Reached skill level 10 in Air Magic
  7903 | D:6      | You are sucked into a shaft and drop 3 floors!
  8346 | D:8      | Noticed a gargoyle
  8533 | D:9      | Noticed a meliai
  8544 | D:9      | Noticed RepHenryClay's ghost (novice DjFE)
  8552 | D:9      | Noticed a hornet
  8554 | D:9      | Found a transporter.
  8570 | D:9      | Found a transporter.
  8573 | D:9      | Noticed a queen bee
  8752 | D:9      | Reached skill level 1 in Fighting
  8830 | D:9      | Found a staircase to the Lair.
  9047 | D:7      | Found a staircase to the Ecumenical Temple.
  9056 | Temple   | Entered the Ecumenical Temple
  9232 | Temple   | Became a worshipper of Vehumet
  9322 | D:7      | quinnr: ??slurping
  9322 | D:7      | beem: distant slurping noise[1/1]: A jelly has eaten an
                  | item. How rude! This act heals the jelly a bit, and may
                  | cause an additional squelching noise, as a second jelly
                  | splits off from the original. "You hear a slurping sound"
                  | (exactly) is a poison miscast though, not a jelly.
 10569 | D:7      | Noticed Prince Ribbit
 10814 | D:7      | Reached XP level 10. HP: 55/55 MP: 8/16
 10814 | D:7      | quinnr: ??noise
 10814 | D:7      | beem: scroll of noise[1/1]: Makes a lot of noise (25).
                  | There is generally little use for these, but they are
                  | louder than a shout. No longer breaks {mesmerise} status as
                  | of 0.19.
 10814 | D:7      | quinnr: ??sound
 10814 | D:7      | beem: sound[1/5]:
                  | http://www.youtube.com/watch?v=2Jkorg2xnYI
 10814 | D:7      | quinnr: ??sound[2
 10814 | D:7      | beem: cwz[2/7]: CWZ has javascript to extend chat
                  | functionality and add sound to WebTiles! To load this,
                  | spectate/play a game, open the chat window, and click
                  | [Enable Webtiles Additional Function Module]. The chat menu
                  | will change, and you can click FX to enable/disable sounds
                  | and S to change volume. Click ARc to autoreconnect the
                  | watched user and CT to set the chat window transparency.
 11056 | D:7      | Noticed Harold
 11062 | D:7      | Killed Harold
 11063 | D:7      | Reached skill level 5 in Spellcasting
 11219 | D:7      | Killed Prince Ribbit
 11322 | D:7      | Identified the +1 cloak of Ferhimm {Str+2 Int+4}
 11662 | D:8      | Learned a level 4 spell: Summon Lightning Spire
 11668 | D:8      | Learned a level 4 spell: Airstrike
 12084 | D:8      | Reached skill level 12 in Conjurations
 12306 | D:8      | Found the +7 Kryia's mail coat {PotionHeal*2 rC+}
 13048 | D:9      | Reached * piety under Vehumet
 13048 | D:9      | Offered knowledge of Magic Dart by Vehumet.
 13987 | D:9      | Killed RepHenryClay's ghost
 13988 | D:9      | Reached XP level 11. HP: 11/62 MP: 15/22
 13989 | D:9      | HP: 2/62 [meliai/divine providence (12)]
 13989 | D:9      | Mangled by a meliai

Illustrated notes

Levels and vault maps discovered:
D:1:      elethiomel_arrival_infinity_welcomes_careful_drivers, layout_basic,
          chequers_ecumenical_altar_simple
D:2:      layout_loops_ring, dk_noncrumbling_2, minmay_misc_feat_roman,
          minmay_misc_feat_tiny, hangedman_glass_teeth
D:3:      layout_loops_cross, general_overflow_altar, lemuel_round_altar
D:4:      layout_loops_cross, uniq_eustachio, uniq_duvessa, uniq_pikel
D:5:      layout_basic, nicolae_elemental_shop
D:6:      layout_basic, amethyst_overflow_temple_binary, serial_glass,
          glass_columns_c, glass_columns_a, minmay_strange_pillars,
          due_unseen_surprise, item_on_display_b
D:7:      layout_gridville, minmay_temple_entry_mist, uniq_prince_ribbit1,
          uniq_harold
D:8:      minmay_klotski, layout_basic, eino_tiny_chamber
D:9:      layout_roguey, erik_lair_orcish_takeover, gammafunk_ghost_hive,
          due_unseen_surprise
Temple:   regret_index_temple_mists

Skill      XL: |  1  2  3  4  5  6  7  8  9 10 |
---------------+-------------------------------+-----
Conjurations   | 2 3 5 6 7 9 10 11 12 | 12.7
Spellcasting   | 3 7 |  7.0
Air Magic      | 5 8 9 10 11 | 11.8
Dodging        | 3 |  3.0
Stealth        | 3 |  3.0
Short Blades   | 4 |  4.0
Fighting       | 2 4 |  4.9

Action                   |  1- 3 |  4- 6 |  7- 9 | 10-12 || total
-------------------------+-------+-------+-------+-------++-------
Melee: Short sword       |     5 |    13 |       |       ||    18
       Kick              |     1 |     1 |     5 |     1 ||     8
       Peck              |       |     2 |     5 |     1 ||     8
       Dagger            |       |       |    23 |     7 ||    30
Throw: Throwing net      |       |       |       |     2 ||     2
 Cast: Shock             |    61 |    68 |   142 |    49 ||   320
       Static Discharge  |       |    11 |    41 |    24 ||    76
       Lightning Bolt    |       |     1 |    20 |    22 ||    43
       Swiftness         |       |       |     2 |     2 ||     4
       Airstrike         |       |       |       |     4 ||     4
       Summon Lightning  |       |       |       |     4 ||     4
Evoke: Wand              |       |       |     5 |     3 ||     8
  Use: Scroll            |       |     4 |     6 |     3 ||    13
       Potion            |       |       |     1 |     4 ||     5
Armor: Robe              |     4 |     7 |    13 |     6 ||    30
Dodge: Dodged            |    10 |    25 |    62 |    38 ||   135

Table legend: (Time is in decaauts)
 A = Elapsed time spent in this place.
 B = Non-inter-level travel time spent in this place.
 C = Inter-level travel time spent in this place.
 D = Time resting spent in this place.
 E = Time spent auto-exploring this place.
 F = Levels seen in this place.
 G = Mean time per level.
                   A        B        C        D        E       F      G
               +--------+--------+--------+--------+--------+-----+--------+
         Total |  13513 |  12562 |    951 |   4613 |   6172 |  10 | 1351.3 |
       Dungeon |  13340 |  12434 |    906 |   4613 |   6047 |   9 | 1482.2 |
        Temple |    172 |    127 |     45 |      0 |    125 |   1 |  172.0 |
               +--------+--------+--------+--------+--------+-----+--------+

Top non-repeatable levels by time:
     D:4: 2339 daAuts
     D:9: 1998 daAuts
     D:6: 1626 daAuts
     D:3: 1604 daAuts
     D:8: 1322 daAuts
     D:7: 1180 daAuts
     D:5: 1134 daAuts
     D:1: 1074 daAuts
     D:2: 1058 daAuts
  Temple: 172 daAuts
